AoeStats
← PaulSorin93

Lombardia

508077473Analyzed
4v4 RM · 13d ago on Sep 20, 2026· 56m 34s· 8 players
Game mode
Random Map
Map size
Large (8 player)
Population
200
Speed
Normal
Resources
Standard
Victory
Conquest
Starting age
Dark Age
Ending age
Imperial Age
RankedLock teamsTeams togetherTeam positionsShared explorationLock speedFull tech treeHidden civsTurbo modeCheats
Victory
Defeat
🇦🇺 Japanese · Australia
1139
+13
🇸🇰 Britons · Slovakia
1049
+17
🇳🇴 Vikings · Norway
1044
+16
🇷🇴 Persians · Romania
994
+18
🇪🇸 Franks · Spain
1066
-16
🇩🇪 Teutons · Germany
1065
-16
🇪🇸 Dravidians · Spain
1065
-16
🇩🇪 Maya · Germany
1062
-16
tilmanv
11:04 Loom
13:43 Feudal Age
15:12 Wheelbarrow
14:52 Double-Bit Axe
18:12 Castle Age
16:20 Gold Mining
16:23 Stone Mining
19:05 Bow Saw
19:14 Hand Cart
19:10 Horse Collar
27:57 Bloodlines
30:25 Forging
30:21 Scale Barding Armor
31:12 Heavy Plow
33:58 Imperial Age
32:52 Iron Casting
34:27 Chain Barding Armor
34:02 Cavalier
35:51 Conscription
37:56 Town Watch
39:13 Blast Furnace
38:49 Plate Barding Armor
38:15 Scale Mail Armor
39:57 Two-Man Saw
38:55 Paladin
40:56 Pikeman
41:37 Squires
41:24 Arson
42:32 Chain Mail Armor
41:41 Halberdier
43:45 Town Patrol
47:51 Plate Mail Armor
48:36 Caravan
50:35 Crop Rotation
51:55 Ironclad
Mahihan
0:27 Loom
10:50 Feudal Age
11:20 Double-Bit Axe
14:14 Horse Collar
18:06 Castle Age
18:15 Forging
18:08 Scale Mail Armor
18:21 Forging
18:22 Eagle Warrior
19:15 Squires
22:04 Bow Saw
21:59 Heavy Plow
25:41 Wheelbarrow
24:52 Town Watch
29:57 Chain Mail Armor
31:19 Iron Casting
34:08 Hand Cart
35:42 Arson
41:53 Imperial Age
41:18 Fletching
41:29 Padded Archer Armor
42:55 Bodkin Arrow
43:16 Leather Archer Armor
43:27 Conscription
43:45 Holcans
42:37 Elite Plumed Archer
43:50 Plate Mail Armor
44:40 Pikeman
44:41 Elite Eagle Warrior
45:25 Bracer
47:16 Blast Furnace
47:31 Ring Archer Armor
47:14 Halberdier
49:24 Ballistics
49:15 Masonry
50:13 Chemistry
52:13 Two-Man Saw
55:52 Architecture
Clark_Kent__
3:40 Loom
10:19 Feudal Age
11:05 Double-Bit Axe
17:16 Wheelbarrow
23:05 Castle Age
24:26 Bow Saw
27:04 Town Watch
28:15 Stone Mining
28:15 Gold Mining
29:35 Hand Cart
36:26 Imperial Age
34:06 Husbandry
35:43 Scale Barding Armor
35:48 Forging
37:37 Chain Barding Armor
36:50 Cavalier
38:02 Town Patrol
38:39 Iron Casting
39:07 Chemistry
38:19 Masonry
38:34 Conscription
40:04 Plate Barding Armor
39:31 Paladin
41:45 Blast Furnace
40:53 Pikeman
41:34 Squires
41:19 Gambesons
43:14 Capped Ram
45:09 Capped Ram
50:33 Architecture
50:08 Siege Engineers
49:59 Murder Holes
50:36 Capped Ram
52:45 Fortified Wall
55:23 Elite Skirmisher
QUEVEDO
3:32 Loom
11:33 Feudal Age
20:16 Castle Age
23:22 Double-Bit Axe
25:19 Horse Collar
29:05 Crossbowman
34:55 Husbandry
37:11 Heavy Plow
38:04 Bow Saw
39:56 Ballistics
40:43 Fletching
40:54 Padded Archer Armor
43:51 Pikeman
44:34 Squires
45:02 Gambesons
45:05 Arson
46:08 Bodkin Arrow
46:29 Leather Archer Armor
46:24 Forging
46:16 Scale Mail Armor
46:48 Gold Mining
47:33 Caravan
54:00 Chain Mail Armor
55:44 Wheelbarrow
54:54 Town Watch
Kebab do ruky
11:09 Feudal Age
16:45 Castle Age
22:47 Horse Collar
23:43 Loom
26:03 Double-Bit Axe
27:25 Wheelbarrow
27:49 Fletching
28:00 Padded Archer Armor
29:10 Ballistics
29:42 Hand Cart
30:24 Bow Saw
33:01 Heavy Plow
35:56 Imperial Age
33:37 Bodkin Arrow
36:57 Leather Archer Armor
37:05 Bracer
37:18 Gold Mining
40:10 Conscription
40:13 Yeomen
40:18 Town Watch
40:00 Pikeman
40:43 Scale Mail Armor
41:14 Ring Archer Armor
40:57 Halberdier
42:18 Siege Engineers
43:14 Chemistry
42:11 Murder Holes
42:50 Elite Longbowman
44:08 Warwolf
45:05 Caravan
45:14 Herbal Medicine
45:42 Squires
49:23 Two-Man Saw
49:16 Chain Mail Armor
49:11 Forging
52:04 Man-at-Arms
52:29 Gambesons
54:04 Capped Ram
Lakafant
0:29 Loom
10:30 Feudal Age
11:54 Double-Bit Axe
19:16 Castle Age
18:38 Horse Collar
20:39 Pikeman
28:59 Bow Saw
29:35 Town Watch
32:03 Heavy Plow
32:21 Forging
32:11 Scale Mail Armor
32:11 Padded Archer Armor
32:02 Fletching
32:15 Squires
32:01 Arson
31:39 Elite Skirmisher
31:40 Crossbowman
36:48 Imperial Age
34:40 Town Patrol
35:08 Murder Holes
35:24 Fortified Wall
35:35 Ballistics
35:10 Stone Mining
35:13 Gold Mining
36:06 Iron Casting
36:54 Chieftains
37:12 Chain Mail Armor
37:36 Gold Shaft Mining
37:17 Bodkin Arrow
37:46 Elite Berserk
39:25 Conscription
38:38 Capped Ram
40:06 Caravan
40:35 Siege Ram
42:08 Siege Engineers
43:08 Blast Furnace
42:53 Plate Mail Armor
46:08 Treadmill Crane
46:33 Bracer
46:49 Leather Archer Armor
47:37 Chemistry
47:15 Hoardings
PaulSorin93
10:16 Feudal Age
11:29 Loom
15:05 Castle Age
13:12 Double-Bit Axe
13:19 Horse Collar
22:22 Wheelbarrow
22:47 Pikeman
23:28 Squires
24:21 Town Watch
30:25 Hand Cart
30:26 Heavy Plow
33:23 Bow Saw
33:33 Bloodlines
33:24 Husbandry
33:27 Gold Mining
33:37 Stone Mining
39:09 Imperial Age
37:48 Town Patrol
38:23 Caravan
39:47 Ballistics
40:27 Chemistry
39:50 Conscription
39:50 Scale Barding Armor
39:46 Scale Mail Armor
39:56 Forging
40:42 Coinage
40:22 Guilds
40:54 Citadels
41:20 Hoardings
41:03 Elite War Elephant
42:57 Devotion
43:19 Chain Barding Armor
43:35 Iron Casting
46:30 Plate Barding Armor
47:29 Crop Rotation
47:46 Murder Holes
48:02 Masonry
51:18 Blast Furnace
Porkroll
13:52 Feudal Age
14:21 Man-at-Arms
21:50 Castle Age
21:13 Double-Bit Axe
21:21 Gold Mining
22:01 Long Swordsman
23:48 Scale Mail Armor
24:46 Squires
25:52 Pikeman
35:11 Forging
35:17 Chain Mail Armor
42:58 Wheelbarrow
44:32 Guard Tower
46:14 Hand Cart
47:16 Fletching
48:05 Iron Casting
47:45 Chain Mail Armor
58:52 Imperial Age
Connection lost

Rejoining the realm…

Still unreachable

The connection could not be restored.

Session expired

The server has moved on; the page needs a fresh start.